 Dungeon Crawl Stone Soup version 0.27-a0-1325-g58a489ad9e (webtiles) character file.

Game seed: 16121387002759057364

23 Sobieck the Sneak (level 2, 0/14 HPs)
             Began as a Felid Delver on June 25, 2021.
             Slain by a hound (4 damage)
             ... on level 5 of the Dungeon.
             The game lasted 00:00:52 (30 turns).

Sobieck the Sneak (Felid Delver)                      Turns: 30, Time: 00:00:52

Health: 0/14       AC:  1    Str:  8    XL:     2   Next: 72%
Magic:  3/3        EV: 18    Int: 11    God:
Gold:   0          SH:  0    Dex: 17    Spells: 1/1 levels left
                                        Lives:  0   Deaths: 0

rFire    . . .     SeeInvis +     - Unarmed
rCold    . . .     Faith    .   (shield unavailable)
rNeg     . . .     Spirit   .   (armour unavailable)
rPois    .         Reflect  .   (helmet unavailable)
rElec    .         Harm     .   (cloak unavailable)
rCorr    .         Rampage  .   (gloves unavailable)
Will     .....                  (boots unavailable)
Stlth    ++++......             (no amulet)
HPRegen  0.04/turn              (no ring)
MPRegen  0.08/turn              (no ring)

@: quick
A: very small, claws 1, fangs 3, see invisible, speed 1, shaggy fur 1, stealthy
paws, no weapons or thrown items, no armour, multi-lived
a: no special abilities


You were on level 5 of the Dungeon.
You visited 1 branch of the dungeon, and saw 2 of its levels.


Innate Abilities, Weirdness & Mutations

You have sharp claws.
You have razor-sharp teeth.
You have supernaturally acute eyesight. (SInv)
You cover ground quickly. (Speed+)
You are covered in fur. (AC +1)
Your paws help you pounce on unaware monsters.
You are incapable of wielding weapons or throwing items.
You cannot wear armour.
You gain extra lives every three experience levels.


   Skills:
 + Level 3.2 Fighting
 + Level 3.1 Dodging
 + Level 6.8 Stealth
 + Level 2.3 Unarmed Combat
 + Level 1.0 Evocations


You had one spell level left.
You didn't know any spells.
Your spell library was empty.

Inventory:

Wands
 e - a wand of digging (3)
Scrolls
 a - a scroll of fog
 b - a scroll of magic mapping {!r}
 c - a scroll of fear
Potions
 d - a potion of haste {@q3}

Dungeon Overview and Level Annotations

Branches:
Dungeon (6/15)             Temple (0/1) D:6

Altars:

..# ##. ..#
#... ...## #...
..... #...
......
##...######...#
##..........?.#
#........@h..#
..##......###
#...#### ##..#
#..# #..# #..#
#..# #..#


You could see a hound.


Message History

🤖 Initializing magus.rc ...
Options error: Delay interrupt name "hungry" not recognised. (~/.crawlrc:4781) ✅ Successfully initialized magus.rc [v1.9.6] Welcome, Sobieck the Felid Delver.
The bosom of this dungeon contains the fabulous artefact, the Orb of Zot.
Press ? for a list of commands and other information.
Found a stone staircase leading down.
Unknown command.
There is a stone staircase leading down here.
You climb downwards.
An ice beast, 3 orcs, an ufetubus and a howler monkey come into view.
An orc wizard is wielding a +1 dagger of holy wrath.
There is a stone staircase leading up here.
Found a staircase to the Ecumenical Temple.
The helpless orc wizard fails to defend itself.
You mangle the orc wizard!!
You kill the orc wizard!
Your Dodging skill increases to level 3!
Your Evocations skill increases to level 1!
You have reached level 2! 😎 HP[+4] MP[+1]
You now have 14 max hp (+4).
Your hp is fully restored (14).
Your mp is fully restored (3).
The orc wizard shouts!
There is a stone staircase leading up here.
You climb upwards.
There is a stone staircase leading down here.
A hound comes into view.
The hound barks!
Okay, then.
The hound misses you.
You scratch the hound. The hound misses you. The hound bites you. 😕 HP[-2]
You take 2 damage, and now have 12/14 hp.
You scratch the hound. The hound misses you.
You scratch the hound but do no damage. The hound bites you.
The hound completely misses you. 😮 HP[-3]
You take 3 damage, and now have 9/14 hp.
MASSIVE DAMAGE!! (PAUSE)
You closely miss the hound. The hound closely misses you.
You closely miss the hound. The hound barely misses you. The hound bites you.
* * * LOW HITPOINT WARNING * * *
😨 HP[-5]
You take 5 damage, and now have 4/14 hp.
MASSIVE DAMAGE!! (PAUSE)
You closely miss the hound. The hound barely misses you.
You closely miss the hound. The hound misses you.
You scratch the hound. The hound bites you.
You die...

Skill      XL: |  1 |
---------------+----+-----
Dodging        | 3 |  3.1
Evocations     | 1 |  1.0
Fighting       | |  3.2
Stealth        | |  6.8
Unarmed Combat | |  2.3

Action                   || total
-------------------------++-------
Melee: Unarmed           ||     9
 Stab: Sleeping          ||     1
Dodge: Dodged            ||     8

Levels and vault maps discovered:
D:5:      layout_layer_cave, ebering_ghost_rock_garden, serial_shops,
          nicolae_shop_overgrown_old_shop, kennysheep_generic_room_6,
          uniq_pikel, uniq_edmund
D:6:      layout_rooms, minmay_temple_entry_drinking_statues

Notes
Turn   | Place    | Note
-------+----------+-------------------------------------------
     0 | D:5      | Sobieck the Felid Delver began the quest for the Orb.
     0 | D:5      | Reached XP level 1. HP: 10/10 MP: 2/2
     0 | D:5      | magus.rc [v1.9.6]
     3 | D:6      | Noticed an orc wizard
     3 | D:6      | Noticed an orc wizard
     3 | D:6      | Noticed an orc priest
     3 | D:6      | Noticed an ice beast
     3 | D:6      | Noticed a howler monkey
     4 | D:6      | Found a staircase to the Ecumenical Temple.
     5 | D:6      | Killed an orc wizard
     6 | D:6      | Reached skill level 3 in Dodging
     6 | D:6      | Reached skill level 1 in Evocations
     6 | D:6      | Reached XP level 2. HP: 14/14 MP: 3/3
    30 | D:5      | Slain by a hound

Vanquished Creatures
  An orc wizard (D:6)
1 creature vanquished.

Table legend:
 A = Non-vault XP
 B = Vault XP
 C = Vault XP percentage of total XP
 D = Non-vault monster count
 E = Vault monster count
 F = Vault count percentage of total count
                 A         B        C        D         E       F
            +---------+---------+-------+---------+---------+-------
      Total |      33 |       0 |   0.0 |       1 |       0 |   0.0
            +---------+---------+-------+---------+---------+-------
        D:6 |      33 |       0 |   0.0 |       1 |       0 |   0.0
            +---------+---------+-------+---------+---------+-------

Illustrated notes

Table legend:
 A = Kills in this place as a percentage of kills in entire the game.
 B = Kills by you in this place as a percentage of kills by you in the entire game.
 C = Kills by friends in this place as a percentage of kills by friends in the entire game.
 D = Other kills in this place as a percentage of other kills in the entire game.
 E = Experience gained in this place as a percentage of experience gained in the entire game.
 F = Experience gained in this place divided by the number of levels of this place that you have seen.
                   A       B       C       D       E      F
               +-------+-------+-------+-------+-------+----------------------
         Total | 100.0 | 100.0 |   N/A |   N/A | 100.0 |  16.5
       Dungeon | 100.0 | 100.0 |   N/A |   N/A | 100.0 |  16.5
               +-------+-------+-------+-------+-------+----------------------

Table legend: (Time is in decaauts)
 A = Elapsed time spent in this place.
 B = Non-inter-level travel time spent in this place.
 C = Inter-level travel time spent in this place.
 D = Time resting spent in this place.
 E = Time spent auto-exploring this place.
 F = Levels seen in this place.
 G = Mean time per level.
                   A        B        C        D        E       F      G
               +--------+--------+--------+--------+--------+-----+--------+
         Total |     26 |     26 |      0 |      0 |      0 |   2 |   13.0 |
       Dungeon |     26 |     26 |      0 |      0 |      0 |   2 |   13.0 |
               +--------+--------+--------+--------+--------+-----+--------+

Top non-repeatable levels by time:
     D:5: 22 daAuts
     D:6: 4 daAuts
